 Dungeon Crawl Stone Soup version 0.27.1-2-g3b301248ec (webtiles) character file.

Game seed: 4003672110056051583

6 nxtlvl the Chopper (level 1, 0/20 HPs)
             Began as a Hill Orc Monk on Sept 25, 2021.
             Shot with a stone by a goblin (1 damage)
             ... on level 3 of the Dungeon.
             The game lasted 00:01:09 (221 turns).

nxtlvl the Chopper (Hill Orc Monk)                   Turns: 221, Time: 00:01:10

Health: 0/20       AC:  5    Str: 13    XL:     1   Next: 90%
Magic:  1/1        EV: 11    Int: 10    God:
Gold:   30         SH:  0    Dex: 13    Spells: 0/0 levels left

rFire    . . .     SeeInvis .   a - +0 hand axe
rCold    . . .     Faith    .   (no shield)
rNeg     . . .     Spirit   .   c - +0 ring mail
rPois    .         Reflect  .   (no helmet)
rElec    .         Harm     .   (no cloak)
rCorr    .         Rampage  .   (no gloves)
Will     .....                  (no boots)
Stlth    +.........             (no amulet)
HPRegen  0.06/turn              (no ring)
MPRegen  0.07/turn              (no ring)

@: no status effects
A: no striking features
a: no special abilities


You were on level 3 of the Dungeon.
You visited 1 branch of the dungeon, and saw 3 of its levels.

You collected 30 gold pieces.

Inventory:

Hand Weapons
 a - a +0 hand axe (weapon)
Armour
 c - a +0 ring mail (worn)


   Skills:
 + Level 3.8 Fighting
 * Level 4.4 Axes
 - Level 2.4 Dodging
 - Level 1.5 Stealth


You couldn't memorise any spells.
You didn't know any spells.
Your spell library was empty.

Dungeon Overview and Level Annotations

Branches:
Dungeon (3/15)

Altars:

Shops:
D:3 :*


Message History

The goblin is moderately wounded.
The goblin barely misses you.
You hit the goblin.
You kill the goblin!
Things that are here:
a +0 club; a jackal corpse You now have 14 gold pieces.
There is a stone staircase leading down here.
You climb downwards.
There is a stone staircase leading up here.
Found Caushiyn's Book Shoppe.
Found Fyrhuzeg's Assorted Antiques.
Found 16 gold pieces.
There is an entrance to Caushiyn's Book Shoppe here.
There is an entrance to Fyrhuzeg's Assorted Antiques here.
You now have 30 gold pieces (gained 16).
Found a ring mail.
You see here a +0 ring mail.
c - a +0 ring mail You start removing your armour.
You continue taking off your +0 robe. x4
You finish taking off your +0 robe.
You start putting on your armour.
You continue putting on your +0 ring mail. x5
You finish putting on your +0 ring mail.
Drop what? 3/52 slots (_ for help) (? for menu, Esc to quit)
You drop a +0 robe.
A goblin comes into view. It is wielding a +0 club.
The goblin shouts!
The goblin unwields a +0 club.
The goblin wields a +0 hunting sling.
The goblin shoots a stone.
The stone hits you.
Found a stone staircase leading down.
The goblin shoots a stone.
The stone hits you.
* * * LOW HITPOINT WARNING * * *
The goblin shoots a stone.
The stone hits you.
* * * LOW HITPOINT WARNING * * *
The goblin shoots a stone.
The stone misses you.
The goblin shoots a stone.
The stone hits you.
* * * LOW HITPOINT WARNING * * *
The goblin shoots a stone.
The stone hits you.
You die...

#.......## #.....∩
#........#####......
#......#............
#........#####......
#####.............∩..
#..........####......
#....#......###......
####.##.##....#......
#@##..###.........
#..#..# ###..#####
##.#..# ##.... #.g..#
#..##.# ##..># #..#
#.... #..# #.....
.#.. ..... ... #...


You could see a goblin.

Vanquished Creatures
  2 jackals (D:2)
  2 bats
  A frilled lizard (D:2)
  A goblin (D:2)
  A kobold (D:2)
7 creatures vanquished.

Notes
Turn   | Place    | Note
-------+----------+-------------------------------------------
     0 | D:1      | nxtlvl the Hill Orc Monk began the quest for the Orb.
     0 | D:1      | Reached XP level 1. HP: 19/19 MP: 1/1
    86 | D:2      | Found a faded altar of an unknown god.
   155 | D:3      | Found Caushiyn's Book Shoppe.
   157 | D:3      | Found Fyrhuzeg's Assorted Antiques.
   220 | D:3      | HP: 1/20 [goblin/stone (4)]
   221 | D:3      | Shot with a stone by a goblin

Illustrated notes

Levels and vault maps discovered:
D:1:      sevenhm_arrival_forest_fort_large_2, layout_basic,
          kennysheep_decorative_pillar
D:2:      layout_loops_ring, hellmonk_ecumenical_altar_run_dry, serial_shops,
          shop
D:3:      layout_rooms, lemuel_coloured_pillars_altar, serial_shops, shop, shop,
          minmay_statues_item, chequers_mini_garden

Action                   || total
-------------------------++-------
Melee: Hand axe          ||    25
 Stab: Distracted        ||     1
Armor: Robe              ||     2
Dodge: Dodged            ||    18
